 Dungeon Crawl Stone Soup version 0.19.4 (webtiles) character file.

304 Megalobster the Chopper (level 6, 0/57 HPs)
             Began as a Minotaur Berserker on Feb 2, 2017.
             Was a Believer of Trog.
             Slain by a centaur (5 damage)
             ... on level 3 of the Dungeon on Feb 3, 2017.
             The game lasted 00:08:00 (1878 turns).

Megalobster the Chopper (Minotaur Berserker)        Turns: 1878, Time: 00:08:00

Health: 0/57       AC:  8    Str: 23    XL:     6   Next: 15%
Magic:  5/5        EV:  8    Int:  4    God:    Trog [**....]
Gold:   117        SH:  0    Dex: 10    Spells: 0 memorised, 5 levels left

rFire  . . .     SeeInvis .     a - +0 hand axe
rCold  . . .     Gourm    .     e - +0 chain mail
rNeg   . . .     Faith    .     (no shield)
rPois  .         Spirit   .     (helmet restricted)
rElec  .         Reflect  .     (no cloak)
rCorr  .         Harm     .     (no gloves)
MR     .....                    (no boots)
Stlth  ..........               (no amulet)
                                (no ring)
                                (no ring)

@: no status effects
A: retaliatory headbutt, horns 2
a: Berserk, Trog's Hand, Burn Spellbooks, Renounce Religion


You were on level 3 of the Dungeon.
You worshipped Trog.
Trog was pleased with you.
You were not hungry.

You visited 1 branch of the dungeon, and saw 3 of its levels.

You collected 117 gold pieces.

Inventory:

Hand Weapons
 a - a +0 hand axe (weapon)
 i - a +1 mace of holy wrath
 q - a +1 dagger of venom
 v - a +0 hunting sling
Missiles
 n - 83 stones (quivered)
Armour
 b - a +0 animal skin
 e - a +0 chain mail (worn)
Jewellery
 s - an uncursed ring of ice
Scrolls
 d - 3 scrolls of identify {unknown}
 g - 2 scrolls of teleportation {unknown}
 m - a scroll of magic mapping {unknown}
 o - 2 scrolls of recharging {unknown}
 p - a scroll of remove curse {unknown}
 r - a scroll of amnesia {unknown}
 w - a scroll of enchant weapon {unknown}
Potions
 f - a potion of curing {unknown}
 h - a potion of mutation {unknown}
 j - 2 potions of cancellation {unknown}
 l - 2 potions of cure mutation {unknown}
 t - 2 potions of agility {unknown}
Comestibles
 c - 3 bread rations
 k - 4 meat rations
 u - 10 chunks of flesh


   Skills:
 + Level 5.8 Fighting
 * Level 7.0 Axes
 - Level 2.4 Armour
 - Level 2.1 Dodging


You had 5 spell levels left.
You didn't know any spells.

Dungeon Overview and Level Annotations

Branches:
Dungeon (3/15)

Altars:


Innate Abilities, Weirdness & Mutations

You reflexively headbutt those who attack you in melee.
You have a pair of horns on your head.


Message History

The centaur shoots an arrow.
The arrow hits you!
You see here an arrow.
The centaur shoots an arrow.
The arrow hits you!
* * * LOW HITPOINT WARNING * * *
The centaur shoots an arrow.
The arrow hits you!
* * * LOW HITPOINT WARNING * * *
You see here 2 arrows.
The centaur unwields an uncursed shortbow.
The centaur hits you but does no damage.
You hit the centaur.
You headbutt the centaur, but do no damage.
The centaur is lightly wounded.
The centaur hits you but does no damage.
You hit the centaur.
The centaur is heavily wounded.
The centaur barely misses you. The centaur closely misses you.
You hit the centaur. Your headbutt misses the centaur.
The centaur is heavily wounded.
The centaur hits you.
You die...

##.# #.#.####.# #.#
#........# #.#
###.###### #.#
##(## #.# ##.(.##
###.# ##..(..##
##.#.# ##...(...##
##....###....(....#
#.......+<...@....+
##....###....c....#
#..<..# ##.......##
#.##### ##.....##
#.# ##...## #.#
##+## #.# #<# #.#


You could see a centaur.

Vanquished Creatures
  Sigmund (D:2)
  Ijyb (D:2)
  A gnoll (D:2)
  4 adders (D:2)
  An ooze (D:3)
  3 worms
  A dart slug (D:1)
  2 leopard geckos (D:1)
  3 giant cockroaches
  7 goblins
  7 hobgoblins
  8 jackals
  4 bats
  4 frilled lizards
  3 kobolds
  8 rats
58 creatures vanquished.

Notes
Turn   | Place    | Note
-------+----------+-------------------------------------------
     0 | D:1      | Megalobster the Minotaur Berserker began the quest for the Orb.
     0 | D:1      | Reached XP level 1. HP: 19/19 MP: 0/0
   169 | D:1      | Reached skill level 4 in Axes
   201 | D:1      | Reached XP level 2. HP: 27/27 MP: 1/1
   601 | D:2      | Reached XP level 3. HP: 32/33 MP: 2/2
   612 | D:2      | Reached ** piety under Trog
   826 | D:2      | Reached skill level 5 in Axes
  1070 | D:2      | Noticed Ijyb
  1075 | D:2      | Killed Ijyb
  1075 | D:2      | Reached XP level 4. HP: 41/41 MP: 3/3
  1274 | D:2      | Noticed Sigmund
  1285 | D:2      | Killed Sigmund
  1285 | D:2      | Reached skill level 5 in Fighting
  1285 | D:2      | Reached skill level 6 in Axes
  1285 | D:2      | Reached XP level 5. HP: 19/49 MP: 4/4
  1490 | D:2      | Reached XP level 6. HP: 57/57 MP: 5/5
  1763 | D:2      | Reached skill level 7 in Axes
  1878 | D:3      | Slain by a centaur

Skill      XL: |  1  2  3  4  5  6 |
---------------+-------------------+-----
Axes           | 4 5 6 7 |  7.0
Fighting       | 4 5 |  5.8
Armour         | |  2.4
Dodging        | |  2.1

Action                   |  1- 3 |  4- 6 || total
-------------------------+-------+-------++-------
Melee: Hand axe          |    90 |    54 ||   144
       Headbutt          |    11 |    11 ||    22
Invok: Berserk           |     1 |       ||     1
       Trog's Hand       |     1 |       ||     1
  Eat: Chunk             |     1 |     3 ||     4
Armor: Chain mail        |    57 |    24 ||    81
       Animal skin       |     2 |       ||     2
Dodge: Dodged            |    55 |    13 ||    68
